 Dungeon Crawl Stone Soup version 0.16.1-4-g8e1b745 (webtiles) character file.

5159 inmateoo the Cleaver (level 10, -1/92 HPs)
             Began as a Deep Dwarf Fighter on Mar 27, 2015.
             Was a High Priest of Makhleb.
             Killed from afar by a raiju (9 damage)
             ... with a living lightning
             ... on level 2 of the Abyss.
             The game lasted 00:13:50 (8313 turns).

inmateoo the Cleaver (Deep Dwarf Fighter)           Turns: 8313, Time: 00:13:50

Health: -1/92      AC: 17    Str: 30      XL:     10   Next: 33%
Magic:  0/18       EV: 12    Int:  8      God:    Makhleb [*****.]
Gold:   466        SH: 12    Dex:  9 (12) Spells: 0 memorised, 9 levels left

rFire  . . .     SeeInvis .     a - +1 war axe
rCold  . . .     Clarity  .     F - +0 plate armour
rNeg   . . .     SustAb   .     c - +1 shield
rPois  .         Gourm    .     X - +0 helmet
rElec  .         Spirit   +     (no cloak)
rCorr  .         Warding  .     H - +1 pair of gloves
rMut   .         Stasis   .     (no boots)
MR     +....                    Z - amulet of guardian spirit
Stlth  ..........               m - +5 ring of evasion
                                S - +6 ring of strength

@: non-regenerating, mildly diseased, somewhat resistant to hostile
enchantments, extremely unstealthy
A: damage resistance, recharge devices, molten scales 1, low mp 1, sense
surroundings 2, slow healing 3, placid magic 1
a: Device Recharging, Minor Destruction, Lesser Servant of Makhleb, Major
Destruction, Greater Servant of Makhleb, Renounce Religion


You were on level 2 of the Abyss.
You worshipped Makhleb.
Makhleb was extremely pleased with you.
You were not hungry.

You visited 1 branch of the dungeon, and saw 9 of its levels.
You visited the Abyss 1 time.
You also visited: Sewer.

You collected 732 gold pieces.
You spent 266 gold pieces at shops.

Inventory:

Hand weapons
 a - a +1 war axe (weapon)
Missiles
 n - 2 throwing nets (quivered)
Armour
 c - a +1 shield (worn)
 F - a +0 plate armour (worn)
 H - a +1 pair of gloves (worn)
 X - a +0 helmet (worn)
Jewellery
 h - an uncursed ring of protection from cold
 l - an uncursed ring of flight
 m - a +5 ring of evasion (right hand)
 q - a +3 ring of protection
 S - a +6 ring of strength (left hand)
 Z - an amulet of guardian spirit (around neck)
Magical devices
 d - a wand of heal wounds (0)
 k - a wand of fire (3)
 A - a wand of random effects (3)
 R - a wand of lightning (0)
 T - a wand of digging (10)
 W - a wand of draining (2)
Scrolls
 p - 2 scrolls of recharging
 t - 4 scrolls of teleportation
 C - 3 scrolls of enchant weapon
 E - a scroll of magic mapping
 I - 5 scrolls of remove curse
 P - 2 scrolls of fear
 U - a scroll of amnesia
 V - 2 scrolls of enchant armour
Potions
 e - a potion of might
 g - 2 potions of heal wounds
 i - 3 potions of resistance
 j - 3 potions of cancellation
 u - 2 potions of agility
 w - 3 potions of invisibility
 x - a potion of restore abilities
 G - 5 potions of curing
 J - 2 potions of ambrosia {unknown}
 K - a potion of berserk rage {unknown}
 M - a potion of flight {unknown}
 N - a potion of degeneration {unknown}
 O - a potion of haste
 Q - 2 potions of cure mutation
Comestibles
 b - 4 meat rations
 f - 7 bread rations
 s - 5 royal jellies
 v - a beef jerky


   Skills:
 + Level 6.5 Fighting
 * Level 10.3 Axes
 + Level 5.8 Armour
 + Level 4.2 Dodging
 + Level 5.8 Shields
 + Level 4.8 Invocations
 + Level 8.6 Evocations


You had 9 spell levels left.
You didn't know any spells.

Dungeon Overview and Level Annotations

Branches:
Dungeon (9/15)             Temple (0/1) D:5            Lair (0/8) D:9
    Orc: D:9-12

Altars:
Cheibriados
Elyvilon
Gozag
Makhleb
Nemelex Xobeh
Ru
Sif Muna
Trog
The Shining One

Shops:
D:5 ?*   D:7 :

Annotations:
D:9 Erolcha


Innate Abilities, Weirdness & Mutations

You are resistant to damage.
You can recharge devices by infusing magical energy.
You passively map the area around you.
You do not heal naturally.
You are partially covered in molten scales (AC +1).
Your magical capacity is low (-10% MP).
Your spells are a little easier to cast, but a little less powerful.


Message History

* * * LOW HITPOINT WARNING * * *
The raiju shocks you!
* * * LOW HITPOINT WARNING * * *
Unknown command.
Unknown command.
Unknown command.
Evoke which item? (* to show all) (? for menu, Esc to quit)
Zapping:
d - a wand of heal wounds (1)
Press: ? - help, Shift-Dir - straight line, f - you You feel much better.
This wand has 0 charges left.
The raiju bursts into living lightning!
The living lightning hits you!
* * * LOW HITPOINT WARNING * * *
The living lightning hits you!
* * * LOW HITPOINT WARNING * * *
The living lightning hits the raiju.
The raiju completely resists.
The raiju blinks!
The raiju bursts into living lightning!
The living lightning hits you!
You die...

#... # ....#
#..#. ##.....#
####.###......#
#
.....#......##
### #.#.#.§...#
## #........#
##...h###
#.#.#.§.# ##
###h@## ## .
##.##.# #
.#........##h.
# .....##...###
####....#.#.#
#..## #.## .#
##.... # ## .
.#. # .#.#


You could see 3 raiju.

Vanquished Creatures
  A hill giant (D:8)
  A fire drake (D:9)
  A troll (D:7)
  An ancient zyme (Abyss:1)
  A wyvern (D:8)
  A hippogriff (D:9)
  A hungry ghost (D:8)
  A chaos spawn (Abyss:1)
  A small abomination (Abyss:1)
  Edmund (D:9)
  A vampire mosquito (D:8)
  2 orc warriors
  A water moccasin (D:5)
  Purgy (Sewer)
  A phantom (D:9)
  An ice beast (D:5)
  A sky beast (D:8)
  A necrophage (D:9)
  2 ogres (D:5)
  4 centaurs (D:8)
  A crocodile (D:8)
  Duvessa (D:7)
  A big kobold (D:8)
  2 giant frogs (D:8)
  5 scorpions
  Dowan (D:7)
  2 centaur zombies (D:4)
  3 giant frog zombies
  A wasp zombie (D:7)
  A goliath beetle (D:6)
  3 hounds
  2 jellies
  3 orc priests
  2 quasits (D:8)
  2 centaur skeletons
  2 giant frog skeletons
  An iguana (D:7)
  4 orc wizards
  7 worker ants
  A hound zombie (D:8)
  2 hound skeletons (D:4)
  A worker ant zombie (D:8)
  Robin (D:3)
  2 river rats (D:6)
  3 gnolls (D:2)
  3 shadow imps
  9 adders
  A worm (D:3)
  33 orcs
  4 bat skeletons
  2 bat zombies (D:4)
  8 giant cockroaches
  14 goblins
  11 hobgoblins
  8 jackals
  11 kobolds
  6 quokkas
  2 ball pythons
  16 bats
  A giant cockroach zombie (D:5)
  2 giant geckos
  8 giant newts
  A giant spore (D:9)
  A jackal zombie (D:7)
  A quokka zombie (D:4)
  8 rats
229 creatures vanquished.

Vanquished Creatures (collateral kills)
  A bat (D:8)
1 creature vanquished.

Vanquished Creatures (others)
  A sky beast (D:9)
  A giant frog (D:9)
2 creatures vanquished.

Grand Total: 232 creatures vanquished

Notes
Turn   | Place    | Note
--------------------------------------------------------------
     0 | D:1      | inmateoo, the Deep Dwarf Fighter, began the quest for the Orb.
     0 | D:1      | Reached XP level 1. HP: 20/20 MP: 1/1
   150 | D:1      | Reached skill level 1 in Evocations
   159 | D:1      | Reached XP level 2. HP: 20/27 MP: 2/2
   805 | D:2      | Reached XP level 3. HP: 22/33 MP: 4/4
   929 | D:2      | Reached XP level 4. HP: 27/42 MP: 5/5
  1582 | D:3      | Found a burning altar of Makhleb.
  1583 | D:3      | Found a bloodstained altar of Trog.
  1587 | D:3      | Became a worshipper of Makhleb the Destroyer
  1632 | D:3      | Reached skill level 4 in Axes
  1650 | D:3      | Reached XP level 5. HP: 18/49 MP: 8/8
  1809 | D:3      | Found a snail-covered altar of Cheibriados.
  1818 | D:3      | Noticed Robin
  1854 | D:3      | Acquired Makhleb's first power
  1862 | D:3      | Killed Robin
  2217 | D:4      | Reached skill level 5 in Axes
  2299 | D:4      | Reached XP level 6. HP: 42/57 MP: 10/10
  2411 | D:4      | Acquired Makhleb's second power
  3150 | D:5      | Entered Level 5 of the Dungeon
  3231 | D:5      | Noticed a water moccasin
  3242 | D:5      | Killed a water moccasin
  3242 | D:5      | Reached skill level 6 in Axes
  3301 | D:5      | Reached XP level 7. HP: 40/64 MP: 12/12
  3318 | D:5      | Reached skill level 5 in Evocations
  3398 | D:5      | Found Threfoer's Magic Scroll Boutique.
  3412 | D:5      | Bought a scroll of identify for 28 gold pieces
  3412 | D:5      | Bought a scroll of identify for 28 gold pieces
  3412 | D:5      | Bought a scroll of identify for 28 gold pieces
  3412 | D:5      | Bought a scroll of enchant weapon for 105 gold pieces
  3436 | D:5      | Reached skill level 7 in Axes
  3640 | D:5      | Found a staircase to the Ecumenical Temple.
  3867 | D:5      | Found Jigh's Assorted Antiques.
  3869 | D:5      | You fall through a shaft for 2 floors!
  3914 | D:6      | Found a white marble altar of Elyvilon.
  3951 | D:6      | Acquired Makhleb's third power
  3954 | D:6      | Reached XP level 8. HP: 46/73 MP: 14/16
  3957 | D:6      | Reached skill level 5 in Fighting
  3984 | D:6      | Found a glowing drain.
  4030 | Sewer    | Entered a sewer
  4116 | Sewer    | Noticed Purgy
  4128 | Sewer    | Killed Purgy
  4193 | Sewer    | Got an ichor-stained lajatang
  4199 | Sewer    | Identified the cursed +1 lajatang "Smipul" {slice, -Cast Int+4 SInv} (You found it in a sewer)
  4381 | D:6      | Reached skill level 8 in Axes
  4387 | D:6      | Reached skill level 1 in Dodging
  4692 | D:5      | Bought a yellow potion for 19 gold pieces
  4692 | D:5      | Bought a white potion for 19 gold pieces
  4692 | D:5      | Bought 2 inky potions for 39 gold pieces
  5160 | D:5      | Acquired Makhleb's fourth power
  5641 | D:7      | Found a glowing golden altar of the Shining One.
  5682 | D:7      | Found Umomoc's Book Shoppe.
  5720 | D:7      | Noticed Dowan
  5721 | D:7      | Noticed Duvessa
  5741 | D:7      | Killed Duvessa
  5741 | D:7      | Reached skill level 1 in Invocations
  5756 | D:7      | Killed Dowan
  5860 | D:7      | Found a deep blue altar of Sif Muna.
  5954 | D:7      | Noticed a troll
  5975 | D:7      | Killed a troll
  6219 | D:8      | Found an opulent altar of Gozag.
  6220 | D:8      | Found a sparkling altar of Nemelex Xobeh.
  6283 | D:8      | Gained mutation: You passively map the area around you. [level up]
  6283 | D:8      | Reached XP level 9. HP: 58/82 MP: 18/18
  6319 | D:8      | Reached skill level 9 in Axes
  6539 | D:8      | Reached skill level 5 in Shields
  6570 | D:8      | Gained mutation: Your spells are a little easier to cast, but a little less powerful. [mutagenic meat]
  6585 | D:8      | Noticed a hill giant
  6598 | D:8      | Reached skill level 5 in Armour
  6611 | D:8      | Killed a hill giant
  6743 | D:8      | Acquired Makhleb's fifth power
  6793 | D:8      | Found a sacrificial altar of Ru.
  6866 | D:8      | Gained mutation: You are partially covered in molten scales (AC +1). [potion of mutation]
  6866 | D:8      | Gained mutation: Your magical capacity is low (-10% MP). [potion of mutation]
  7434 | D:8      | Reached XP level 10. HP: 88/91 MP: 18/18
  7624 | D:9      | Found a staircase to the Lair.
  7642 | D:9      | Reached skill level 10 in Axes
  7864 | D:9      | Gained mutation: You are agile. (Dex +2) [potion of mutation]
  7864 | D:9      | Lost mutation: You are agile. (Dex +2) [potion of mutation]
  7883 | D:9      | Noticed Edmund
  7901 | D:9      | Killed Edmund
  8125 | D:9      | Noticed Erolcha
  8136 | D:9      | Cast into the Abyss (Erolcha)
  8313 | Abyss:2  | Killed from afar by a raiju

Action                   |  1- 3 |  4- 6 |  7- 9 | 10-12 || total
-------------------------+-------+-------+-------+-------++-------
Melee: War axe           |    99 |   221 |   505 |    97 ||   922
Evoke: Wand              |       |     4 |    13 |     4 ||    21
  Use: Scroll            |     6 |     4 |    14 |     1 ||    25
       Potion            |       |       |     3 |     1 ||     4
 Stab: Betrayed ally     |       |       |     1 |       ||     1
  Eat: Chunk             |       |     6 |    13 |     2 ||    21
       Fruit             |       |     1 |       |     5 ||     6
       Pizza             |       |       |     2 |       ||     2
